 Dungeon Crawl Stone Soup version 0.29-a0-872-g797fff5ad1 (webtiles) character file.

Game seed: 14350346992714752701

340 HoaS the Skirmisher (level 6, 0/35 HPs)
             Began as a Tengu Hunter on July 18, 2022.
             Was an Initiate of Okawaru.
             Slain by an iguana (4 damage)
             ... on level 4 of the Dungeon.
             The game lasted 00:05:52 (3559 turns).

HoaS the Skirmisher (Tengu Hunter)                  Turns: 3559, Time: 00:05:53

Health: 0/35       AC:  7    Str: 11    XL:     6   Next: 56%
Magic:  7/7        EV: 14    Int: 10    God:    Okawaru [......]
Gold:   287        SH:  0    Dex: 19    Spells: 5/5 levels left

rFire   . . .      SeeInvis .   a - +0 shortbow
rCold   . . .      Faith    .   (shield currently unavailable)
rNeg    . . .      Spirit   .   c - +0 leather armour
rPois   .          Reflect  .   (helmet restricted)
rElec   .          Harm     .   (no cloak)
rCorr   .          Rampage  .   (no gloves)
Will    .....                   (boots unavailable)
Stlth   ++........              (no amulet)
HPRegen 0.11/turn               h - +4 ring of protection
MPRegen 0.10/turn               (no ring)

@: flying quickly and evasively, quick
A: beak, talons 3, nimble flight
a: Renounce Religion


You were on level 4 of the Dungeon.
You worshipped Okawaru.
Okawaru was noncommittal.
You visited 2 branches of the dungeon, and saw 6 of its levels.

You collected 287 gold pieces.

Inventory:

Hand Weapons
 a - a +0 shortbow (weapon)
Armour
 c - a +0 leather armour (worn)
 o - a +0 ring mail
Jewellery
 h - a +4 ring of protection (left hand)
Wands
 k - a wand of flame (10)
Scrolls
 b - a scroll of immolation
 m - a scroll of fear {unknown}
 n - a scroll of teleportation {unknown}
Potions
 d - a potion of curing {unknown}
 e - 2 potions of attraction {unknown}
 f - 2 potions of might
 g - a potion of heal wounds {unknown}
 i - a potion of haste {unknown}
 j - a potion of lignification {unknown}
 l - a potion of mutation {unknown}


   Skills:
 - Level 2.0 Fighting
 * Level 8.2 Ranged Weapons
 - Level 2.1 Dodging
 - Level 1.0 Stealth
 + Level 1.0 Invocations


You had 5 spell levels left.
You didn't know any spells.
Your spell library contained the following spells:

 Spells                   Type           Power      Damage    Failure   Level
 Frozen Ramparts          Ice            0%         1d2       83%         3
 Ice Form                 Ice/Tmut       0%         N/A       99%         4
 Summon Ice Beast         Ice/Summ       Unusable   N/A       N/A         4

Dungeon Overview and Level Annotations

Branches:
Dungeon (5/15)             Temple (1/1) D:4

Altars:
Ashenzari
Cheibriados
Dithmenos
Fedhas
Hepliaklqana
Kikubaaqudgha
Makhleb
Nemelex Xobeh
Okawaru
Qazlal
Trog
Vehumet
Wu Jian
Xom
Yredelemnul

Annotations:
D:3 3 runed translucent doors, Crazy Yiuf; MoonlitKnight's ghost, amateur DjCA
D:5 Dowan; Duvessa


Innate Abilities, Weirdness & Mutations

You have a beak for a mouth.
You have claws for feet.
Your magical nature lets you fly swiftly and evasively.


Message History

The iguana misses you.
You shoot an arrow. The arrow hits the iguana.
The iguana is lightly wounded.
The iguana bites you.
You shoot an arrow. The arrow hits the iguana!
The iguana is severely wounded.
The iguana bites you!
You shoot an arrow. The arrow completely misses the iguana.
The iguana bites you!
You are too injured to fight recklessly!
You are too injured to fight recklessly!
You are too injured to fight recklessly!
Fire: a) +0 shortbow
Press: ? - help, Q - select action, (/) - cycle Shift-Dir - straight line, f/p - iguana
Aim: an iguana (severely wounded, 69% to hit)
You shoot an arrow. The arrow hits the iguana.
The iguana is severely wounded.
The iguana bites you but does no damage.
Fire: a) +0 shortbow
Press: ? - help, Q - select action, (/) - cycle Shift-Dir - straight line, f/p - iguana
Aim: an iguana (severely wounded, 69% to hit)
You shoot an arrow. The arrow closely misses the iguana.
The iguana misses you.
Fire: a) +0 shortbow
Press: ? - help, Q - select action, (/) - cycle Shift-Dir - straight line, f/p - iguana
Aim: an iguana (severely wounded, 69% to hit)
You shoot an arrow. The arrow barely misses the iguana.
The iguana bites you. The iguana bites you!
* * * LOW HITPOINT WARNING * * *
Fire: a) +0 shortbow
Press: ? - help, Q - select action, (/) - cycle Shift-Dir - straight line, f/p - iguana
Aim: an iguana (severely wounded, 69% to hit)
You shoot an arrow. The arrow barely misses the iguana.
The iguana barely misses you.
Fire: a) +0 shortbow
Press: ? - help, Q - select action, (/) - cycle Shift-Dir - straight line, f/p - iguana
Aim: an iguana (severely wounded, 69% to hit)
You shoot an arrow. The arrow barely misses the iguana.
The iguana bites you.
You die...

#..#..#.....# #.#...........
##..#.#.....## #.#....(......
##..##......####.............
##.#..#......#.#..##.#........
#...#.#.......................
#.#...##......#...............
##.#.##......##.####..#.......
##_####.........##..##.......
###...(...l@...#...##.......
##....#.....##...##.......
##................#...##...
##.....................####.
##..<.#.................##.#.
#....##......................
##..##......................#
##.####...........#.........
### ##.#........#.........


You could see an iguana.

Vanquished Creatures
  A scorpion (D:4)
  A howler monkey (D:4)
  A hound (D:4)
  An iguana (D:4)
  Ijyb (D:3)
  An orc wizard (D:3)
  3 gnolls (D:2)
  4 adders
  A dart slug (D:4)
  2 worms
  9 orcs (D:3)
  2 endoplasms
  A giant cockroach (D:2)
  5 goblins
  4 hobgoblins
  A jackal (D:3)
  3 kobolds
  A quokka (D:4)
  7 ball pythons
  3 bats (D:1)
  4 frilled lizards
  5 rats
61 creatures vanquished.

Notes
Turn   | Place    | Note
-------+----------+-------------------------------------------
     0 | D:1      | HoaS the Tengu Hunter began the quest for the Orb.
     0 | D:1      | Reached XP level 1. HP: 12/12 MP: 2/2
   139 | D:1      | Reached XP level 2. HP: 17/17 MP: 3/3
   435 | D:2      | Reached skill level 5 in Ranged Weapons
   683 | D:2      | Found a faded altar of an unknown god.
   795 | D:2      | Reached XP level 3. HP: 21/21 MP: 4/4
  1075 | D:2      | Reached skill level 6 in Ranged Weapons
  1075 | D:2      | Reached XP level 4. HP: 26/26 MP: 5/5
  1327 | D:3      | Found a runed translucent door.
  1332 | D:3      | Noticed MoonlitKnight's ghost (amateur DjCA)
  1364 | D:3      | Found a runed translucent door.
  1429 | D:3      | Gained mutation: Your magical nature lets you fly swiftly
                  | and evasively. [Tengu growth]
  1429 | D:3      | Reached XP level 5. HP: 23/30 MP: 6/6
  1647 | D:3      | Noticed Ijyb
  1656 | D:3      | Killed Ijyb
  1657 | D:3      | Reached skill level 7 in Ranged Weapons
  1670 | D:3      | Found a shimmering altar of Xom.
  1886 | D:3      | Found a runed translucent door.
  1887 | D:3      | Noticed Crazy Yiuf
  2148 | D:3      | Found a bloodstained altar of Trog.
  2384 | D:4      | Reached XP level 6. HP: 26/35 MP: 7/7
  2539 | D:4      | Found an ancient bone altar of Kikubaaqudgha.
  2607 | D:4      | Found a blossoming altar of Fedhas.
  2714 | D:4      | Found a staircase to the Ecumenical Temple.
  2762 | Temple   | Entered the Ecumenical Temple
  3233 | Temple   | Became a worshipper of Warmaster Okawaru
  3279 | D:4      | Reached skill level 8 in Ranged Weapons
  3288 | D:4      | Reached skill level 1 in Invocations
  3548 | D:5      | Entered Level 5 of the Dungeon
  3548 | D:5      | Noticed Duvessa
  3548 | D:5      | Noticed Dowan
  3559 | D:4      | Slain by an iguana

Illustrated notes

Levels and vault maps discovered:
D:1:      saegor_arrival_simple_a, layout_rooms
D:2:      layout_basic, ebering_ecumenical_altar_webs, minmay_misc_feat_x,
          nicolae_underground_beach
D:3:      minmay_general_purpose_star, layout_basic,
          mainiacjoe_overflow_small_starburst, nicolae_overflow_crystal_walls,
          ebering_ghost_sewer_f, uniq_ijyb, uniq_crazy_yiuf_cottage
D:4:      layout_cave_pools, marbit_many_paths,
          mainiacjoe_overflow_six_doors_small, minmay_temple_entry_junction
D:5:      layout_basic, mainiacjoe_overflow_boulevard, serial_shops, shop,
          minmay_manual_maat, uniq_duvessa
Temple:   chequers_temple_sunken

Skill      XL: |  1  2  3  4  5  6 |
---------------+-------------------+-----
Ranged Weapons | 5 6 7 8 |  8.2
Invocations    | 1 |  1.0
Fighting       | |  2.0
Dodging        | |  2.1
Stealth        | |  1.0

Action                   |  1- 3 |  4- 6 || total
-------------------------+-------+-------++-------
 Fire: Shortbow          |    59 |   141 ||   200
  Use: Scroll            |     3 |     3 ||     6
Armor: Leather armour    |     5 |    13 ||    18
Dodge: Dodged            |    12 |    36 ||    48

Table legend: (Time is in decaauts)
 A = Elapsed time spent in this place.
 B = Non-inter-level travel time spent in this place.
 C = Inter-level travel time spent in this place.
 D = Time resting spent in this place.
 E = Time spent auto-exploring this place.
 F = Levels seen in this place.
 G = Mean time per level.
                   A        B        C        D        E       F      G
               +--------+--------+--------+--------+--------+-----+--------+
         Total |   3419 |   3220 |    199 |    132 |   2628 |   6 |  569.8 |
       Dungeon |   2969 |   2832 |    137 |    132 |   2246 |   5 |  593.8 |
        Temple |    450 |    388 |     62 |      0 |    381 |   1 |  450.0 |
               +--------+--------+--------+--------+--------+-----+--------+

Top non-repeatable levels by time:
     D:3: 1129 daAuts
     D:2: 820 daAuts
     D:4: 638 daAuts
  Temple: 450 daAuts
     D:1: 378 daAuts
     D:5: 1 daAuts
